Map: Proxima Station LE

Players

CAPVAM - Winner!

  • Race: Terran Terran
  • League: Platinum
  • Spawn Location: 7:00

Juxtapose

  • Race: Zerg Zerg
  • Spawn Location: 1:00

VOD

https://youtu.be/QmxEq6U1Sao

Description

Mass Banshees. I've never seen that before. This was a good strategy. I'm going to steal it!

Time

  • Played on: June 8, 2017, 8:05 p.m.
  • Length: 8:22
Show
View Real Time Build Order
Export as new Build Order

CAPVAM Terran - Winner!

Build Orders: Banshee Rush 

Get SALT Encoding   

  12  0:01  SCV  
  13  0:13  SCV  
  14  0:19  Supply Depot  
  14  0:25  SCV  
  15  0:40  SCV  
  16  0:44  Barracks  
  16  0:48  Refinery  
  16  0:54  SCV  
  17  1:00  Refinery  
  17  1:06  SCV  
  19  1:18  SCV  
  19  1:40  Supply Depot  
  19  1:46  SCV, Factory  
  20  1:48  Marine  
  21  1:58  SCV  
  22  2:10  SCV  
  22  2:13  Marine  
  24  2:22  SCV  
  25  2:31  Marine  
  25  2:35  SCV  
  27  2:39  Starport  
  27  2:44  Starport  
  27  2:48  Starport  
  27  2:52  Marine  
  27  2:58  SCV  
  29  3:10  Marine  
  30  3:20  Starport Tech Lab  
  30  3:23  Supply Depot, Starport Tech Lab  
  30  3:26  Supply Depot  
  30  3:28  Marine, Starport Tech Lab  
  31  3:44  Widow Mine, Cloaking Field  
  33  3:54  Banshee  
  36  3:55  Banshee  
  39  4:09  Banshee  
  42  4:11  Marine  
  43  4:17  Supply Depot  
  43  4:35  Marine  
  43  4:37  Banshee  
  47  4:45  Banshee  
  47  4:47  Hellion  
  52  5:03  Banshee  
  52  5:06  Supply Depot  
  55  5:24  Supply Depot  
  55  5:27  Banshee, Marine  
  59  5:46  Hellion  
  59  5:48  Banshee  
  64  5:58  Banshee  
  64  5:59  Orbital Command  
  67  6:17  Banshee  
  67  6:18  Marine  
  71  6:59  Marine  
Show
View Real Time Build Order
Export as new Build Order

Juxtapose Zerg 

Build Orders: Pool First 

Get SALT Encoding   

  12  0:01  Drone  
  13  0:13  Overlord  
  13  0:18  Drone  
  14  0:33  Drone  
  15  0:40  Drone  
  15  0:42  Drone  
  17  0:49  Overlord  
  17  0:55  Spawning Pool  
  16  0:57  Drone  
  17  1:08  Drone  
  18  1:15  Extractor  
  17  1:22  Drone  
  18  1:38  Drone  
  19  1:43  Queen  
  19  1:44  Hatchery  
  19  1:45  Drone  
  21  1:52  Drone  
  22  1:54  Extractor  
  21  2:05  Drone  
  22  2:18  Drone  
  23  2:30  Overlord  
  23  2:38  Drone  
  23  2:42  Baneling Nest  
  23  2:55  Spore Crawler  
  23  2:56  Zergling x4, Drone x2  
  26  3:08  Drone  
  26  3:09  Queen, Drone  
  26  3:11  Lair  
  30  3:15  Zergling x2  
  30  3:16  Zergling x2  
  32  3:29  Drone  
  32  3:30  Drone  
  32  3:31  Drone x2  
  36  3:43  Metabolic Boost  
  36  3:46  Drone  
  37  3:50  Queen  
  37  3:55  Drone x2  
  41  3:56  Drone  
  42  4:14  Drone x2  
  42  4:16  Overlord  
  44  4:20  Extractor  
  44  4:21  Extractor  
  42  4:26  Queen  
  42  4:28  Spore Crawler  
  43  4:44  Infestation Pit  
  42  4:46  Drone x8  
  42  4:47  Drone x2  
  52  5:11  Overlord x2  
  52  5:16  Burrow  
  52  5:26  Hive  
  52  5:37  Drone x4  
  52  5:38  Drone  
  52  5:40  Infestor x3  
  63  5:43  Pathogen Glands  
  63  5:52  Overseer  
  63  6:04  Evolution Chamber  
  62  6:41  Hatchery  
  52  6:49  Queen  
  56  6:59  Spore Crawler  
  49  7:03  Ultralisk Cavern  
  47  7:10  Spore Crawler  
  47  7:11  Spore Crawler  
  35  7:37  Hatchery  
Tags
 
Add a new tag
Caveats
  • Supply blocks, unpowered buildings, or Contaminate may cause inaccurate times.
  • Supply counts are checked every 10 seconds.